Map: Deathaura LE

Players

JimRising

  • Race: Zerg Zerg
  • League: Grandmaster
  • Spawn Location: 11:00

Erik - Winner!

  • Race: Zerg Zerg
  • Spawn Location: 5:00

Event: DreamHack SC2 Masters 2020 Fall

VOD

Have the link to the VOD?

Description

Time

  • Played on: Aug. 27, 2020, 5:36 p.m.
  • Length: 6:00

All games in this series

Show
View Real Time Build Order
Export as new Build Order

JimRising Zerg 

Build Orders: Hatch First 

Get SALT Encoding   

  12  0:00  Drone  
  13  0:13  Overlord  
  13  0:17  Drone  
  14  0:31  Drone x2  
  16  0:48  Hatchery  
  15  0:51  Drone  
  15  0:55  Drone  
  17  0:58  Drone  
  17  1:03  Extractor  
  17  1:14  Spawning Pool  
  17  1:17  Drone  
  17  1:20  Drone  
  18  1:30  Drone  
  19  1:40  Drone  
  20  1:58  Overlord  
  20  2:01  Queen x2  
  22  2:02  Zergling x4  
  26  2:11  Drone  
  26  2:13  Drone  
  28  2:25  Drone x2  
  30  2:33  Drone x2  
  34  2:40  Queen  
  34  2:43  Lair, Overlord  
  34  2:46  Drone  
  35  2:53  Drone  
  35  2:56  Overlord  
  35  3:06  Drone x2  
  35  3:09  Drone x2  
  35  3:10  Drone x4  
  42  3:17  Roach Warren  
  41  3:26  Evolution Chamber  
  40  3:32  Evolution Chamber  
  39  3:35  Extractor  
  39  3:36  Drone x4, Extractor  
  41  3:42  Extractor  
  41  3:45  Spire  
  41  3:46  Zergling x4  
  41  3:53  Spire  
  31  4:05  Drone x6  
  37  4:15  Drone  
  38  4:19  Drone  
  38  4:20  Drone  
  40  4:33  Nydus Network  
  40  4:38  Drone x3  
  41  4:40  Drone x3  
  41  4:45  Roach Warren  
  42  4:47  Drone  
  43  4:59  Overlord  
  43  5:07  Evolution Chamber  
  43  5:13  Overlord  
  43  5:14  Overlord  
  42  5:25  Roach x8  
  42  5:28  Roach  
  60  5:33  Roach x2  
  60  5:34  Roach  
  71  5:44  Nydus Canal  
Show
View Real Time Build Order
Export as new Build Order

Erik Zerg - Winner!

Build Orders: Hatch First 

Get SALT Encoding   

  12  0:00  Drone  
  13  0:08  Drone  
  13  0:14  Extractor  
  13  0:15  Drone  
  15  0:36  Hatchery  
  15  0:41  Extractor  
  15  0:42  Drone  
  14  0:47  Overlord  
  15  1:02  Spawning Pool  
  14  1:06  Drone  
  14  1:09  Drone  
  16  1:11  Extractor  
  16  1:15  Drone  
  16  1:19  Drone  
  17  1:28  Drone  
  18  1:38  Drone  
  19  1:49  Drone, Queen x2  
  19  1:53  Zergling x2  
  25  1:59  Drone  
  26  2:02  Overlord  
  26  2:11  Metabolic Boost  
  26  2:12  Drone  
  26  2:15  Drone  
  28  2:21  Drone  
  29  2:23  Drone  
  30  2:33  Drone  
  30  2:34  Overlord  
  31  2:43  Zergling x2  
  31  2:44  Zergling x2  
  33  2:54  Zergling x4  
  35  2:59  Zergling x12  
  41  3:12  Overlord  
  41  3:13  Drone  
  41  3:18  Drone x2  
  44  3:25  Lair  
  43  3:30  Baneling Nest  
  43  3:31  Drone x6  
  43  3:32  Drone  
  49  3:35  Extractor  
  49  3:37  Extractor  
  49  3:39  Overlord  
  46  3:43  Drone x2  
  47  3:53  Drone  
  41  4:03  Drone x7  
  41  4:05  Extractor  
  46  4:14  Zergling x4  
  48  4:21  Hatchery  
  48  4:23  Spire  
  46  4:28  Zergling x2  
  46  4:29  Zergling x2  
  48  4:38  Drone x3  
  51  4:39  Overlord  
  51  4:42  Zergling x8  
  55  4:48  Overlord  
  55  4:50  Drone  
  56  4:54  Baneling x4  
  56  4:56  Drone  
  57  5:01  Drone  
  58  5:08  Drone x6  
  58  5:11  Extractor  
  63  5:14  Extractor  
  63  5:15  Overlord  
  63  5:19  Overlord  

Tags
 
Add a new tag
Caveats
  • Supply blocks, unpowered buildings, or Contaminate may cause inaccurate times.
  • Supply counts are checked every 10 seconds.